 Dungeon Sprint DCSS version 0.21.0-3-g78d12a8 (webtiles) character file.

6241 sanboga the Severer (level 10, -2/138 HPs)
             Began as a Demonspawn Monk on Jan 17, 2018.
             Was the Champion of Trog.
             Slain by a vampire knight
             ... wielding a +0 dire flail
              (16 damage)
             ... while paralysed by a vampire knight
             ... in the Dungeon (Sprint VII: "The Pits").
             The game lasted 00:11:11 (3225 turns).

sanboga the Severer (Demonspawn Monk)               Turns: 3225, Time: 00:11:11

Health: -2/138     AC: 22    Str: 20    XL:     10   Next: 62%
Magic:  10/10      EV:  2    Int: 11    God:    Trog [******]
Gold:   0          SH:  0    Dex: 19    Spells: 9/9 levels left

rFire    . . .     SeeInvis .   m - +3 battleaxe (chop)
rCold    . . .     Gourm    .   (shield currently unavailable)
rNeg     . . .     Faith    .   n - +3 plate armour
rPois    .         Spirit   .   (helmet restricted)
rElec    .         Reflect  .   s - +0 cloak
rCorr    .         Harm     .   (no gloves)
MR       .....     NoTele   +   (no boots)
Stlth    ..........             (no amulet)
HPRegen  0.33/turn              b - +3 ring of dexterity
MPRegen  0.12/turn              p - +3 ring of protection

@: paralysed, berserking
A: claws 2, hooves 1, horns 1, demonic guardian 1, nightstalker 1
a: Berserk, Trog's Hand, Brothers in Arms, Burn Spellbooks, Renounce Religion


You were in the Dungeon.
You worshipped Trog.
Trog was exalted by your worship.
You were not hungry.

You visited 1 branch

Inventory:

Hand Weapons
 m - a +3 battleaxe of chopping (weapon)
Armour
 n - a +3 plate armour (worn)
 s - a +0 cloak (worn)
Jewellery
 b - a +3 ring of dexterity (left claw)
 p - a +3 ring of protection (right claw)
Wands
 j - a wand of digging (10)
Scrolls
 i - a scroll of blinking
 k - 3 scrolls of remove curse
 l - a scroll of summoning
Potions
 a - 2 potions of invisibility
 d - 5 potions of curing
 e - 10 potions of heal wounds
 f - 2 potions of haste
 g - 4 potions of magic
 h - 4 potions of berserk rage
 o - a potion of might
 q - a potion of brilliance
Comestibles
 c - 7 rations


   Skills:
 + Level 13.0 Fighting
 * Level 16.0 Axes
 + Level 11.7 Armour
 - Level 2.6 Dodging
 - Level 1.7 Stealth


You had 9 spell levels left.
You didn't know any spells.

Dungeon Overview and Level Annotations

Branches:
Dungeon (1/1)

Altars:
Ashenzari
Cheibriados
Dithmenos
Elyvilon
Fedhas
Gozag
Hepliaklqana
Kikubaaqudgha
Makhleb
Nemelex Xobeh
Okawaru
Qazlal
Ru
Sif Muna
Trog
Uskayaw
Vehumet
Wu Jian
Xom
Yredelemnul
Zin
The Shining One
Beogh
Jiyva
Lugonu

Annotations:
D Eustachio


Innate Abilities, Weirdness & Mutations

You have very sharp fingernails.
You have large cloven feet.
You have a pair of small horns on your head.
A weak demonic guardian rushes to your aid.
You are slightly more attuned to the shadows.


Message History

The hippogriff pecks you.
* * * LOW HITPOINT WARNING * * *
The hippogriff claws you but does no damage.
The bat hits you but does no damage.
You hear some strange, mumbled words.
You shrug off the repeated paralysis!
The cyclops hits you.
* * * LOW HITPOINT WARNING * * *
Something hits you.
* * * LOW HITPOINT WARNING * * *
Something bites you but does no damage. The iron imp puffs mist at you.
The red devil hits you from afar with a trident!
* * * LOW HITPOINT WARNING * * *
The hippogriff barely misses you.
The hippogriff pecks you but does no damage.
The hippogriff claws you but does no damage.
The steam dragon bites you but does no damage.
The steam dragon barely misses you. The bat hits you but does no damage.
Something hits you!
You die...

#### ############ ####
..#..)'....###...#
###...###...#...# ..
#.)...+.##..)..#### ...
..##+##..##...##..##..#
.## #..))..#...4.... .#
#..#...#.{C.#..# .+
+..'...'b@H..... .#
#..#...#.†D5#..# .#
##..+...#).......
..##+##..##...##..##..#
#.+...+.##.....#### ..
###...###...#...## .
..#...')...###...#
############ #####


You could see a cyclops, a hippogriff, a red devil, a steam dragon, an iron imp
and a bat.

Vanquished Creatures
  A flayed ghost (D)
  A lindwurm (D)
  2 orc sorcerers (D)
  Psyche (D)
  A gargoyle (D)
  A komodo dragon (D)
  A hellwing (D)
  An efreet (D)
  A polar bear (D)
  A tyrant leech (D)
  5 blink frogs (D)
  A hippogriff (shapeshifter) (D)
  A wyvern (D)
  A ynoxinul (D)
  A redback (D)
  A vampire (D)
  A steam dragon (D)
  A wolf (D)
  A gnoll sergeant (D)
  6 killer bees (D)
  2 crimson imps (D)
  A quasit (D)
  An orc priest (D)
  Crazy Yiuf (D)
  A gnoll shaman (D)
  2 iguanas (D)
  Jessica (D)
  Terence (D)
  A hell rat (D)
  An adder (D)
  7 gnolls (D)
  A river rat (D)
  A white imp (D)
  An ufetubus (D)
  An ooze (D)
  A worm (D)
  A leopard gecko (D)
  4 orcs (D)
  2 goblins (D)
  3 jackals (D)
  A giant cockroach zombie (D)
  A kobold (D)
  2 rats (D)
68 creatures vanquished.

Vanquished Creatures (collateral kills)
  A tarantella (D)
1 creature vanquished.

Vanquished Creatures (others)
  A hobgoblin (D)
1 creature vanquished.

Grand Total: 70 creatures vanquished

Notes
Turn   | Place    | Note
-------+----------+-------------------------------------------
     0 | D        | sanboga the Demonspawn Monk began the quest for the Orb.
     0 | D        | Reached XP level 1. HP: 18/18 MP: 1/1
    30 | D        | Found a bloodstained altar of Trog.
    30 | D        | Found a deep blue altar of Sif Muna.
    30 | D        | Found a viscous altar of Jiyva.
    30 | D        | Found a hazy altar of Hepliaklqana.
    30 | D        | Found an opulent altar of Gozag.
    31 | D        | Found a glowing golden altar of the Shining One.
    31 | D        | Found a glowing silver altar of Zin.
    31 | D        | Found a basalt altar of Yredelemnul.
    31 | D        | Found a shimmering altar of Xom.
    31 | D        | Found an ornate altar of the Wu Jian Council.
    31 | D        | Found a sacrificial altar of Ru.
    31 | D        | Found a stormy altar of Qazlal.
    31 | D        | Found an iron altar of Okawaru.
    31 | D        | Found a sparkling altar of Nemelex Xobeh.
    31 | D        | Found a burning altar of Makhleb.
    31 | D        | Found a blossoming altar of Fedhas.
    31 | D        | Found a white marble altar of Elyvilon.
    31 | D        | Found a shadowy altar of Dithmenos.
    31 | D        | Found a snail-covered altar of Cheibriados.
    33 | D        | Found a radiant altar of Vehumet.
    33 | D        | Found a corrupted altar of Lugonu.
    33 | D        | Found a roughly hewn altar of Beogh.
    35 | D        | Found an ancient bone altar of Kikubaaqudgha.
    35 | D        | Found a hide-covered altar of Uskayaw.
    35 | D        | Found a shattered altar of Ashenzari.
    39 | D        | Became a worshipper of Trog the Wrathful
    39 | D        | Reached * piety under Trog
    39 | D        | Reached ** piety under Trog
    73 | D        | Reached skill level 3 in Axes
    78 | D        | Reached skill level 1 in Armour
    85 | D        | Reached *** piety under Trog
   172 | D        | Reached skill level 4 in Axes
   172 | D        | Gained mutation: You have sharp fingernails. [demonic ancestry]
   172 | D        | Reached XP level 2. HP: 4/25 MP: 2/2
   437 | D        | Reached **** piety under Trog
   441 | D        | Reached XP level 3. HP: 6/30 MP: 3/3
   747 | D        | Reached skill level 5 in Axes
   749 | D        | Reached skill level 5 in Fighting
   749 | D        | Reached skill level 6 in Axes
   749 | D        | Gained mutation: You are slightly more attuned to the shadows. [demonic ancestry]
   749 | D        | Reached XP level 4. HP: 39/39 MP: 4/4
   750 | D        | Reached ***** piety under Trog
   754 | D        | Noticed a gnoll sergeant
   755 | D        | Noticed Terence
   759 | D        | Killed a gnoll sergeant
   759 | D        | Reached skill level 7 in Axes
   759 | D        | Reached XP level 5. HP: 46/46 MP: 5/5
   765 | D        | Received a gift from Trog
   768 | D        | Reached skill level 8 in Axes
   768 | D        | Reached skill level 5 in Armour
   769 | D        | Killed Terence
   772 | D        | Gained mutation: You have a pair of small horns on your head. [demonic ancestry]
   772 | D        | Reached XP level 6. HP: 46/53 MP: 6/6
  1050 | D        | Reached ****** piety under Trog
  1050 | D        | Reached skill level 9 in Axes
  1195 | D        | Noticed an orc sorcerer
  1208 | D        | Killed an orc sorcerer
  1208 | D        | Reached skill level 10 in Axes
  1208 | D        | Gained mutation: You have very sharp fingernails. [demonic ancestry]
  1208 | D        | Reached XP level 7. HP: 40/63 MP: 7/7
  1433 | D        | Noticed a ynoxinul
  1436 | D        | Reached skill level 11 in Axes
  1444 | D        | Killed a ynoxinul
  1444 | D        | Received a gift from Trog
  1628 | D        | Noticed a tyrant leech
  1629 | D        | Noticed a gargoyle
  1634 | D        | Killed a tyrant leech
  1634 | D        | Reached XP level 8. HP: 71/71 MP: 8/8
  1635 | D        | Killed a gargoyle
  1635 | D        | Reached skill level 12 in Axes
  1721 | D        | Noticed a flayed ghost
  1732 | D        | Killed a flayed ghost
  1732 | D        | Reached skill level 10 in Fighting
  1732 | D        | Reached skill level 13 in Axes
  1932 | D        | Noticed an efreet
  1939 | D        | Killed an efreet
  1939 | D        | Gained mutation: A weak demonic guardian rushes to your aid. [demonic ancestry]
  1939 | D        | Reached XP level 9. HP: 79/79 MP: 9/9
  2279 | D        | Noticed a komodo dragon
  2282 | D        | Noticed an orc sorcerer
  2286 | D        | Killed a komodo dragon
  2287 | D        | Noticed a red devil
  2289 | D        | Killed an orc sorcerer
  2289 | D        | Received a gift from Trog
  2289 | D        | Reached skill level 14 in Axes
  2289 | D        | Reached skill level 10 in Armour
  2510 | D        | Noticed a fire crab
  2513 | D        | Noticed a polar bear
  2513 | D        | a fire crab changed into a hippogriff
  2523 | D        | Killed a polar bear
  2681 | D        | Received a gift from Trog
  2681 | D        | Gained mutation: You have large cloven feet. [demonic ancestry]
  2681 | D        | Reached XP level 10. HP: 42/89 MP: 10/10
  2682 | D        | Reached skill level 15 in Axes
  2948 | D        | Noticed Psyche
  2954 | D        | Paralysed by Psyche for 7 turns
  2962 | D        | Paralysed by Psyche for 3 turns
  2971 | D        | Killed Psyche
  2975 | D        | Received a gift from Trog
  3188 | D        | Noticed a lindwurm
  3188 | D        | Noticed Jessica
  3196 | D        | Killed a lindwurm
  3197 | D        | Killed Jessica
  3206 | D        | Noticed Eustachio
  3210 | D        | Noticed Crazy Yiuf
  3213 | D        | Noticed a cyclops
  3216 | D        | Noticed a vampire knight
  3217 | D        | Reached skill level 16 in Axes
  3218 | D        | Received a gift from Trog
  3222 | D        | Killed Crazy Yiuf
  3223 | D        | Paralysed by something for 4 turns
  3225 | D        | Slain by a vampire knight

Skill      XL: |  1  2  3  4  5  6  7  8  9 10 |
---------------+-------------------------------+-----
Axes           | 4 6 7 8 10 11 13 14 16 | 16.0
Armour         | 1 2 3 4 5 7 8 9 10 11 | 11.7
Fighting       | 4 5 6 8 9 10 12 13 | 13.0
Dodging        | |  2.6
Stealth        | |  1.7

Action                   |  1- 3 |  4- 6 |  7- 9 | 10-12 || total
-------------------------+-------+-------+-------+-------++-------
Melee: Hand axe          |    31 |    45 |       |       ||    76
       Headbutt          |       |     7 |     9 |     8 ||    24
       War axe           |       |       |    10 |       ||    10
       Battleaxe         |       |       |    63 |    47 ||   110
       Kick              |       |       |       |    17 ||    17
Invok: Berserk           |     1 |     2 |     5 |     2 ||    10
  Use: Potion            |       |     2 |       |       ||     2
 Stab: Sleeping          |     1 |       |       |       ||     1
       Invisible         |       |       |       |     2 ||     2
  Eat: Chunk             |       |     3 |     5 |     2 ||    10
       Ration            |       |       |     1 |     1 ||     2
Armor: Robe              |     6 |       |       |       ||     6
       Plate armour      |       |    28 |    40 |   112 ||   180
Dodge: Dodged            |    31 |    11 |    22 |    34 ||    98
